 Dungeon Crawl Stone Soup version 0.26.0-20-g3ca415f5b8 (webtiles) character file.

Game seed: 15051762811536951581

204 kaeus the Insei (level 5, -3/34 HPs)
             Began as an Octopode Transmuter on Jan 25, 2021.
             Slain by Edmund
             ... wielding a +1 vorpal dire flail
              (14 damage)
             ... on level 4 of the Dungeon.
             The game lasted 00:04:11 (4994 turns).

kaeus the Insei (Octopode Transmuter)               Turns: 4994, Time: 00:04:12

Health: -3/34      AC:  1    Str:  9    XL:     5   Next: 82%
Magic:  8/8        EV: 14    Int: 15    God:
Gold:   235        SH:  0    Dex: 14    Spells: 8/9 levels left

rFire    . . .     SeeInvis .   g - +0 dagger
rCold    . . .     Faith    .   (no shield)
rNeg     . . .     Spirit   .   (helmet currently unavailable)
rPois    .         Reflect  .   (no amulet)
rElec    .         Harm     .   (no ring)
rCorr    .         Rampage  .   (no ring)
Will     .....                  (no ring)
Stlth    +++.......             (no ring)
HPRegen  0.11/turn              (no ring)
MPRegen  0.11/turn              (no ring)
                                (no ring)
                                (no ring)

@: appendages (expiring)
A: almost no armour, stealthy swim, amphibious, 8 rings, constrict 8, tentacle
spike 3, camouflage 1, gelatinous body 1
a: End Transformation


You were on level 4 of the Dungeon.
One of your tentacles had a temporary spike.
You visited 1 branch of the dungeon, and saw 4 of its levels.

You collected 235 gold pieces.

Inventory:

Hand Weapons
 g - a +0 dagger (weapon)
Armour
 k - a +0 kite shield
Scrolls
 b - 2 scrolls of amnesia
 d - 3 scrolls of identify
 e - a scroll of magic mapping
 f - a scroll of remove curse
 j - a scroll of enchant weapon
 m - 2 scrolls of teleportation
Potions
 a - a potion of heal wounds {unknown}
 c - 2 potions of brilliance {unknown}
 h - a potion of magic {unknown}
 i - 2 potions of haste {unknown}
 l - a potion of lignification {unknown}
 n - a potion of invisibility {unknown}
 o - 2 potions of curing {unknown}


   Skills:
 + Level 2.1 Fighting
 + Level 2.7 Dodging
 + Level 2.4 Stealth
 + Level 1.0 Shields
 + Level 3.5 Unarmed Combat
 + Level 2.6 Spellcasting
 * Level 3.5 Transmutations


You had 8 spell levels left.
You knew the following spells:

 Your Spells              Type           Power        Failure   Level
a - Beastly Appendage     Tmut           24%          4%          1

Your spell library contained the following spells:

 Spells                   Type           Power        Failure   Level
 Wereblood                Tmut           12%          8%          2
 Spider Form              Tmut/Pois      3%           30%         3
 Ice Form                 Ice/Tmut       7%           71%         4
 Blade Hands              Tmut           6%           80%         5


Dungeon Overview and Level Annotations

Branches:
Dungeon (4/15)
 Temple: D:4-7

Altars:
Makhleb
Okawaru
Uskayaw

Annotations:
D:4 Edmund


Innate Abilities, Weirdness & Mutations

You cannot wear most types of armour.
You are very stealthy in the water. (Stealth+)
You are amphibious.
You can wear up to eight rings at the same time.
You can use your tentacles to constrict eight enemies at once.
Your skin changes colour to match your surroundings (Stealth+).
Your rubbery body absorbs attacks. (AC +1, EV +1)
One of your tentacles bears a large vicious spike.


Message History

Edmund is lightly wounded.
You constrict Edmund. Edmund barely misses you.
You hit Edmund.
Edmund is lightly wounded.
Your transformation is almost over.
You constrict Edmund.
Edmund hits you with a +1 vorpal dire flail!
You take 16 damage, and have 11/34 hp.
MASSIVE DAMAGE!!
You are too injured to fight recklessly!
You are too injured to fight recklessly!
You are too injured to fight recklessly!
You are too injured to fight recklessly!
You are too injured to fight recklessly!
You are too injured to fight recklessly!
You are too injured to fight recklessly!
You hit Edmund but do no damage. You squeeze Edmund.
Edmund is moderately wounded.
You constrict Edmund, but do no damage.
Edmund hits you with a +1 vorpal dire flail!
You die...

######+##
#...@...#
#....@..#
#.......#
#.......+
#.......#
#.########..#
#...........#
#.......#...##
#.#######.#.......
#............#####


You could see Edmund.

Vanquished Creatures
  An orc wizard (D:3)
  An orc priest (D:3)
  An iguana (D:4)
  3 adders
  An ufetubus (D:3)
  An ooze (D:1)
  3 worms
  3 dart slugs
  A leopard gecko (D:2)
  2 orcs
  8 bats
  3 giant cockroaches
  8 goblins
  11 hobgoblins
  A quokka (D:3)
  6 frilled lizards
  7 kobolds
  9 rats
70 creatures vanquished.

Notes
Turn   | Place    | Note
-------+----------+-------------------------------------------
     0 | D:1      | kaeus the Octopode Transmuter began the quest for the Orb.
     0 | D:1      | Reached XP level 1. HP: 13/13 MP: 3/3
   429 | D:1      | Reached XP level 2. HP: 2/18 MP: 5/5
  1252 | D:2      | Found an iron altar of Okawaru.
  1266 | D:1      | Reached skill level 1 in Stealth
  1850 | D:2      | Reached XP level 3. HP: 20/23 MP: 4/6
  2216 | D:2      | Found a hide-covered altar of Uskayaw.
  2258 | D:2      | Reached XP level 4. HP: 17/28 MP: 7/7
  2778 | D:2      | Found a burning altar of Makhleb.
  3769 | D:3      | Reached XP level 5. HP: 6/34 MP: 5/8
  4907 | D:4      | Reached skill level 1 in Shields
  4985 | D:4      | Noticed Edmund
  4994 | D:4      | Slain by Edmund

Illustrated notes

Levels and vault maps discovered:
D:1:      kennysheep_arrival_forest, layout_basic
D:2:      layout_rooms, okawaru_trees_2, nicolae_overflow_hidden_temple,
          nicolae_overflow_crystal_walls, kennysheep_generic_room_6
D:3:      layout_loops_ring
D:4:      layout_basic, uniq_edmund, uniq_sigmund

Skill      XL: |  1  2  3  4  5 |
---------------+----------------+-----
Stealth        | 1 2 |  2.4
Transmutations | 3 |  3.5
Fighting       | 2 |  2.1
Shields        | 1 |  1.0
Dodging        | |  2.7
Unarmed Combat | |  3.5
Spellcasting   | |  2.6

Action                   |  1- 3 |  4- 6 || total
-------------------------+-------+-------++-------
Melee: Unarmed           |    12 |       ||    12
       Constrict         |    31 |    28 ||    59
       Dagger            |    69 |    87 ||   156
       Tentacles         |    13 |    18 ||    31
       Kick              |     5 |    16 ||    21
       Punch             |     1 |     1 ||     2
 Cast: Beastly Appendage |     5 |    14 ||    19
  Use: Scroll            |     5 |       ||     5
 Stab: Sleeping          |     2 |     8 ||    10
Armor: Skin              |    11 |     3 ||    14
Dodge: Dodged            |    56 |    53 ||   109
